cohdb
Replays
Latest Replays
All Replays
Popular Replays
Top Player Replays
Match Explorer
How It Works
Community
CoH3 Stats
Reddit
Sign in to upload your games and track your stats! →
Sign in with Steam
Match 45344887
Unlisted
Match 45344887
Overview
Messages
Build Orders
End
Pioneer Squad
Construct Infanterie Kompanie
Selects Breakthrough Battlegroup
Selects Assault Grenadiers
Grenadier Squad
MG 42 Machine Gun Team
Grenadier Squad
Medical Station
Selects Breakthrough
Construct Panzergrenadier Kompanie
GrW 34 Mortar Team
Infanterie Officer Quarters
Pak 40 Anti-tank Gun Team
Selects Rapid Production
Panzergrenadier Squad
MG 42 Machine Gun Team
Selects Mechanized Assault Group
Pak 40 Anti-tank Gun Team
Panzergrenadier Squad
Selects Blitzkrieg
pagep
7k this year for sure
P3prime
SxNine
0
0
Comments
sign in to comment!
No comments posted yet!